 Dungeon Crawl Stone Soup version 0.21-a0-450-gd87a9b2 (webtiles) character file.

1308 Laiders the Cleaver (level 8, -6/68 HPs)
             Began as a Deep Dwarf Fighter on Nov 19, 2017.
             Mangled by Prince Ribbit (13 damage)
             ... on level 5 of the Dungeon.
             The game lasted 00:11:34 (4024 turns).

Laiders the Cleaver (Deep Dwarf Fighter)            Turns: 4024, Time: 00:11:35

Health: -6/68      AC:  6    Str: 23    XL:     8   Next: 32%
Magic:  7/7        EV:  8    Int:  8    God:
Gold:   243        SH: 10    Dex: 12    Spells: 7/7 levels left

rFire    . . .     SeeInvis .   a - +1 war axe
rCold    . . .     Gourm    .   c - +1 shield
rNeg     . . .     Faith    .   h - +0 ring mail (curse)
rPois    .         Spirit   .   (no helmet)
rElec    .         Reflect  .   (no cloak)
rCorr    .         Harm     .   (no gloves)
MR       +....                  B - +0 pair of boots
Stlth    +.........             (no amulet)
HPRegen  0.00/turn              (no ring)
MPRegen  0.10/turn              (no ring)

@: non-regenerating
A: damage resistance, heal wounds, sense surroundings 1, no regeneration
a: Heal Wounds


You were on level 5 of the Dungeon.
You were not hungry.

You visited 1 branch of the dungeon, and saw 5 of its levels.

You collected 243 gold pieces.

Inventory:

Hand Weapons
 a - a +1 war axe (weapon)
Missiles
 d - 7 tomahawks
 t - 5 poisoned tomahawks (quivered)
Armour
 b - a +0 scale mail
 c - a +1 shield (worn)
 h - a cursed +0 ring mail (worn)
 s - a cursed -1 chain mail
 B - a +0 pair of boots (worn)
Jewellery
 p - a +3 ring of evasion {unknown}
Wands
 q - a wand of confusion (48/48)
Scrolls
 e - 2 scrolls of enchant armour
 i - 5 scrolls of teleportation
 m - a scroll of fog
 r - 6 scrolls of identify
 w - a scroll of amnesia
 y - a scroll of magic mapping {unknown}
Potions
 g - 3 potions of curing
 j - a potion of resistance {unknown}
 l - a potion of degeneration {unknown}
 n - a potion of flight {unknown}
 o - 2 potions of brilliance {unknown}
 u - 4 potions of haste {unknown}
 A - a potion of agility {unknown}
Books
 v - a book of Misfortune

   Spells                             Type                      Level
   a - Confusing Touch                Hexes                        1
   b - Confuse                        Hexes                        3
   c - Gell's Gravitas                Translocation                3
   d - Petrify                        Transmutation/Earth          4
   e - Metabolic Englaciation         Hexes/Ice                    5
   f - Yara's Violent Unravelling     Hexes/Transmutation          5
Comestibles
 f - 5 bread rations
 k - 3 royal jellies
 x - 4 meat rations
 z - 2 fruits
 C - a chunk of flesh


   Skills:
 - Level 2.6 Fighting
 + Level 11.1 Axes
 - Level 3.2 Armour
 - Level 3.2 Shields


You had 7 spell levels left.
You didn't know any spells.

Dungeon Overview and Level Annotations

Branches:
Dungeon (5/15)
 Temple: D:4-7

Altars:
Ashenzari
Okawaru
Qazlal
Ru
Trog
Yredelemnul

Annotations:
D:3 zkyp's ghost, amateur SpFi
D:5 Prince Ribbit


Innate Abilities, Weirdness & Mutations

You are resistant to damage.
You can heal yourself by infusing magical energy.
You passively map a small area around you.
You do not regenerate.


Message History

You open the door.
There is an open door here.
Prince Ribbit croaks.
Prince Ribbit blinks!
Prince Ribbit hits you. You block Prince Ribbit's attack.
You slash Prince Ribbit!
Prince Ribbit is moderately wounded.
Prince Ribbit blinks!
Prince Ribbit hits you.
* * * LOW HITPOINT WARNING * * *
You closely miss Prince Ribbit.
Prince Ribbit is moderately wounded.
Prince Ribbit says, "You're just another fly to me."
Prince Ribbit hits you!
* * * LOW HITPOINT WARNING * * *
You barely miss Prince Ribbit.
Prince Ribbit is moderately wounded.
You block Prince Ribbit's attack. Prince Ribbit hits you!
You die...

≈≈≈≈≈≈≈≈≈)≈≈≈≈...# #..#.#.#
...#...#≈≈[≈≈≈...# #..#.#.#
.....<...8(≈≈....# #......#
≈.≈≈.†.≈#.[≈≈≈...# #..###.#####
≈≈≈≈≈≈≈≈≈≈≈≈≈≈.#.###..........###
≈≈≈≈≈≈≈≈≈≈≈≈##.#.#....#.........#
≈≈≈≈≈≈≈≈≈≈≈#.#.#.##.#...#...#...#
≈≈≈≈≈≈≈≈≈≈≈≈...#......#...#.....#
≈≈≈≈≈≈≈≈≈≈≈#....@F...###.###....#
#.≈≈≈†≈≈≈.##.#.####...#...#......
.#.≈≈.≈≈##.#...####.#...#...#....
...#..#....##..##.....#...#......
#.....#.#.###..#####.###.###.....
##......#.####.## #...#...#...#.#
##.##.###.#.....# #.#...#...#.#.#
..........#.###.###...........#.#
#####.#.#...###..##..#..##...##.#


You could see Prince Ribbit.

Vanquished Creatures
  The ghost of Tux the Arsonist, a novice GnWn (D:5)
  A phantom (D:4)
  An ice beast (D:5)
  2 ogres (D:4)
  2 crimson imps
  3 hounds
  A bullfrog skeleton (D:5)
  Terence (D:2)
  5 orc wizards
  4 worker ants
  A hound skeleton (D:4)
  4 gnolls (D:4)
  3 adders
  A shadow imp (D:5)
  2 oozes
  An adder zombie (D:5)
  2 worms (D:2)
  12 dart slugs
  3 leopard geckos
  15 orcs
  2 giant cockroaches
  11 goblins
  12 hobgoblins
  2 jackals (D:2)
  5 kobolds
  2 quokkas (D:3)
  12 bats
  7 frilled lizards
  A leopard gecko skeleton (D:4)
  4 rats
  A spectral orc (D:2)
124 creatures vanquished.

Notes
Turn   | Place    | Note
-------+----------+-------------------------------------------
     0 | D:1      | Laiders the Deep Dwarf Fighter began the quest for the Orb.
     0 | D:1      | Reached XP level 1. HP: 20/20 MP: 1/1
   149 | D:1      | Reached skill level 3 in Axes
   150 | D:1      | Reached XP level 2. HP: 18/27 MP: 2/2
   461 | D:1      | Reached XP level 3. HP: 15/33 MP: 3/3
   483 | D:1      | Reached skill level 4 in Axes
   789 | D:2      | Noticed Terence
   805 | D:2      | Killed Terence
   805 | D:2      | Reached XP level 4. HP: 33/40 MP: 4/4
   985 | D:2      | Reached skill level 5 in Axes
  1358 | D:2      | Found a basalt altar of Yredelemnul.
  1645 | D:3      | Reached XP level 5. HP: 22/46 MP: 5/5
  1681 | D:3      | Reached skill level 6 in Axes
  1944 | D:3      | Found a bloodstained altar of Trog.
  2149 | D:3      | Found a sacrificial altar of Ru.
  2150 | D:3      | Noticed zkyp's ghost (amateur SpFi)
  2151 | D:3      | Found a shattered altar of Ashenzari.
  2450 | D:4      | Reached skill level 7 in Axes
  2450 | D:4      | Reached XP level 6. HP: 55/55 MP: 6/6
  2591 | D:4      | Reached skill level 8 in Axes
  2753 | D:4      | Reached XP level 7. HP: 25/61 MP: 7/7
  2830 | D:4      | Found a stormy altar of Qazlal.
  3066 | D:4      | Reached skill level 9 in Axes
  3343 | D:5      | Entered Level 5 of the Dungeon
  3359 | D:5      | Noticed Tux's ghost (novice GnWn)
  3386 | D:5      | HP: 2/61 [Tux's ghost/flame tongue (19)]
  3388 | D:5      | Killed Tux's ghost
  3388 | D:5      | Reached skill level 10 in Axes
  3388 | D:5      | Reached XP level 8. HP: 29/68 MP: 7/7
  3582 | D:5      | Reached skill level 11 in Axes
  3609 | D:5      | Found an iron altar of Okawaru.
  3791 | D:5      | Noticed Prince Ribbit
  4024 | D:5      | Mangled by Prince Ribbit

Vault maps used:
D:1:      mrwooster_arrival_arrow
D:2:      yredelemnul_forgotten_temple_becter, first_bread,
          minmay_misc_feat_iff, corexii_corridor_pit, grunt_ministairs_7,
          uniq_terence
D:3:      nicolae_overflow_crystal_walls, nicolae_overflow_hidden_temple
D:4:      minmay_door_path, lemuel_crystal_altar, grunt_decor_one_mirror,
          minmay_ogre_servants
D:5:      kennysheep_slugbush, kennysheep_mini_moat,
          minmay_misc_feat_four_crosses, uniq_prince_ribbit1

Skill      XL: |  1  2  3  4  5  6  7  8 |
---------------+-------------------------+-----
Axes           | 3 4 5 7 8 10 11 | 11.1
Fighting       | |  2.6
Armour         | |  3.2
Shields        | |  3.2

Action                   |  1- 3 |  4- 6 |  7- 9 || total
-------------------------+-------+-------+-------++-------
Melee: War axe           |   113 |   204 |   156 ||   473
 Abil: Heal Wounds       |     1 |     5 |     8 ||    14
  Use: Scroll            |     4 |     4 |       ||     8
       Potion            |       |       |     1 ||     1
  Eat: Chunk             |       |     7 |     4 ||    11
Armor: Ring mail         |    52 |    66 |    27 ||   145
Dodge: Dodged            |    45 |    73 |    35 ||   153
Block: Shield            |    84 |   135 |    76 ||   295

Table legend:
 A = Spawn XP
 B = Non-spawn XP
 C = Spawn XP percentage of total XP
 D = Spawn monster count
 E = Non-spawn monster count
 F = Spawn count percentage of total count
 G = Total turns spent on level
                    A         B        C        D         E        F      G
               +---------+---------+-------+---------+---------+-------+---------
         Total |       0 |    1869 |   0.0 |       0 |     124 |   0.0 |  4024
               +---------+---------+-------+---------+---------+-------+---------
           D:1 |       0 |      52 |   0.0 |       0 |      27 |   0.0 |   703
           D:2 |       0 |      93 |   0.0 |       0 |      19 |   0.0 |   762
           D:3 |       0 |     175 |   0.0 |       0 |      26 |   0.0 |   845
           D:4 |       0 |     714 |   0.0 |       0 |      30 |   0.0 |  1033
           D:5 |       0 |     835 |   0.0 |       0 |      22 |   0.0 |   681
               +---------+---------+-------+---------+---------+-------+---------
